 Dungeon Crawl Stone Soup version 0.30.0-2-g1aa4bd4387 (webtiles) character file.

Game seed: 8748854636504280955

109 Acheron the Conjurer (level 4, -1/35 HPs)
             Began as a Ghoul Conjurer on May 7, 2023.
             Slain by an iguana (11 damage)
             ... on level 4 of the Dungeon.
             The game lasted 00:15:02 (2784 turns).

Acheron the Conjurer (Ghoul Conjurer)               Turns: 2784, Time: 00:15:03

Health: -1/35      AC:  3    Str: 10    XL:     4   Next: 90%
Magic:  1/6        EV: 12    Int: 13    God:
Gold:   91         SH:  0    Dex:  9    Spells: 4/7 levels left

rFire   . .          .
                       - Unarmed
rCold   + . .        (no shield)
rNeg    + + +        a - +0 robe
rPois   ∞            h - +0 helmet
rElec   .            (no cloak)
rCorr   .            (no gloves)
SInv    .            (no boots)
Will    .....        (no amulet)
Stlth   ++           (no ring)
HPRegen 0.00/turn    (no ring)
MPRegen 0.10/turn

%: no passive effects
@: inhibited regen
A: claws 1, cold resistance 1, negative energy resistance 3, inhibited
regeneration, torment resistance 2, devour on kill
a: no special abilities


You were on level 4 of the Dungeon.
You visited 1 branch of the dungeon, and saw 5 of its levels.

You collected 91 gold pieces.

Inventory:

Hand Weapons
 j - a +0 short sword
 n - the +3 war axe "Fufosah" {heavy, rElec Int+4}
   (You found it on level 3 of the Dungeon)

   Int:       It affects your intelligence (+4).
   rElec:     It insulates you from electricity.
Missiles
 c - 5 javelins
 d - 6 poisoned darts
 m - 6 boomerangs (quivered)
Armour
 a - a +0 robe (worn)
 h - a +0 helmet (worn)
 i - a +0 pair of gloves
Jewellery
 p - a ring of ice
Potions
 b - a potion of magic
 e - a potion of flight {unknown}
 f - a potion of mutation
 g - a potion of degeneration {unknown}
 k - a potion of curing
 l - a potion of ambrosia
 o - a potion of cancellation {unknown}


   Skills:
 * Level 1.0 Fighting
 * Level 0.4 Axes
 * Level 1.0 Throwing
 * Level 2.1 Dodging
 * Level 2.8 Stealth
 * Level 2.3 Unarmed Combat
 * Level 2.0 Spellcasting
 + Level 3.6 Conjurations


You had 4 spell levels left.
You knew the following spells:

 Your Spells              Type           Power      Damage    Failure   Level
a - Magic Dart            Conj           40%        1d5       6%          1
b - Searing Ray           Conj           20%        2d5       9%          2

Your spell library contained the following spells:

 Spells                   Type           Power      Damage    Failure   Level
 Dazzling Flash           Conj/Hex       12%        N/A       36%         3
 Fulminant Prism          Conj/Hex       3%         3d5       77%         4
 Iskenderun's Mystic Bla  Conj/Tloc      6%         2d4       77%         4


Dungeon Overview and Level Annotations

Branches:
Dungeon (5/15)
 Temple: D:4-7

Altars:

Annotations:
D:4 exclusion: downstairs


Innate Abilities, Weirdness & Mutations

You are immune to poison.
You have sharp fingernails.
Your flesh is cold resistant. (rC+)
You are immune to negative energy. (rN+++)
You do not regenerate when monsters are visible.
You are immune to unholy pain and torment.
You thrive by killing the living.


Message History

Restarting spell: Searing Ray (safe; 9% risk of failure)
Press: ? - help, Shift-Dir - straight line, f/p - iguana
Aim: an iguana (heavily wounded, 79% to hit)
The searing ray hits the iguana.
The iguana is severely wounded. (Press . to maintain the ray.)
The iguana bites you!
Unknown command.
Casting: Searing Ray (safe; 9% risk of failure)
Confirm with . or Enter, or press ? or * to list all spells.
Restarting spell: Searing Ray (safe; 9% risk of failure)
Press: ? - help, Shift-Dir - straight line, f/p - iguana
Aim: an iguana (severely wounded, 79% to hit)
The searing ray misses the iguana. (Press . to maintain the ray.)
The iguana hisses menacingly.
The iguana bites you!
You closely miss the iguana.
The iguana is severely wounded.
The iguana misses you.
You scratch the iguana.
The iguana is severely wounded.
The iguana closely misses you.
You scratch the iguana.
The iguana is almost dead.
The iguana bites you.
You scratch the iguana but do no damage.
The iguana is almost dead.
The iguana bites you.
You closely miss the iguana.
The iguana is almost dead.
The iguana barely misses you.
You scratch the iguana.
The iguana is almost dead.
The iguana bites you.
* * * LOW HITPOINT WARNING * * *
You barely miss the iguana.
The iguana is almost dead.
The iguana bites you!
You die...

#.......(. .
#...###### ##.
#...>........
#..#######.# #..#
##.# #..#####.##
#.....l...#####
.......########l#..#
.###### ##@#.# ###.#
o# .# ##


You could see an iguana.

Vanquished Creatures
  An orc wizard (D:3)
  An adder (D:4)
  A gnoll (D:4)
  A white imp (D:3)
  3 dart slugs
  2 orcs (D:3)
  5 ball pythons
  7 endoplasms
  3 goblins
  5 hobgoblins
  6 jackals (D:4)
  A quokka (D:1)
  5 bats
  2 frilled lizards (D:3)
  2 kobolds (D:1)
  2 rats
47 creatures vanquished.

Notes
Turn   | Place    | Note
-------+----------+-------------------------------------------
     0 | D:1      | Acheron the Ghoul Conjurer began the quest for the Orb.
     0 | D:1      | Reached XP level 1. HP: 14/14 MP: 2/2
   252 | D:1      | Reached XP level 2. HP: 20/20 MP: 0/3
   283 | D:1      | Learned a level 2 spell: Searing Ray
  1086 | D:1      | Reached skill level 1 in Unarmed Combat
  1086 | D:1      | Reached XP level 3. HP: 27/27 MP: 0/4
  1284 | D:3      | Identified the +3 war axe "Fufosah" {heavy, rElec Int+4}
  1944 | D:3      | Reached XP level 4. HP: 5/34 MP: 6/6
  2501 | D:5      | Entered Level 5 of the Dungeon
  2523 | D:4      | Reached skill level 1 in Fighting
  2605 | D:4      | Reached skill level 1 in Throwing
  2784 | D:4      | Slain by an iguana

Illustrated notes

Levels and vault maps discovered:
D:1:      nicolae_arrival_memento_mori, layout_basic
D:2:      layout_loops_ring
D:3:      layout_loops_ring, glass_columns_a
D:4:      layout_loops_ring, minmay_misc_feat_enclosed,
          chequers_serial_rivers_small_3
D:5:      layout_rooms, tgw_sif, minmay_temple_entry_glass,
          hangedman_decor_diamond_cutter, minmay_fractal_squares_5, uniq_sigmund

Skill      XL: |  1  2  3  4 |
---------------+-------------+-----
Unarmed Combat | 1 2 |  2.3
Dodging        | 2 |  2.1
Spellcasting   | 2 |  2.0
Fighting       | 1 |  1.0
Throwing       | 1 |  1.0
Axes           | |  0.4
Stealth        | |  2.8
Conjurations   | |  3.6

Action                     |  1- 3 |  4- 6 || total
---------------------------+-------+-------++-------
  Melee: Unarmed           |    82 |    66 ||   148
         Punch             |     3 |     1 ||     4
   Cast: Magic Dart        |    42 |     9 ||    51
         Searing Ray       |       |     5 ||     5
    Use: Scroll            |     2 |     2 ||     4
         Potion            |     1 |     1 ||     2
   Stab: Sleeping          |     3 |       ||     3
 Armour: Robe              |    19 |    21 ||    40
  Dodge: Dodged            |    33 |    58 ||    91
